 Dungeon Crawl Stone Soup version 0.28-a0-1286-g6bde065e89 (webtiles) character file.

Game seed: 14324915643324011706

526 browni3141 the Basher (level 7, -3/46 (50) HPs)
             Began as a Formicid Gladiator on Dec 27, 2021.
             Slain by Maggie (12 damage)
             ... on level 6 of the Dungeon.
             The game lasted 00:09:30 (6290 turns).

browni3141 the Basher (Formicid Gladiator)          Turns: 6290, Time: 00:09:30

HP:   -3/46 (50)    AC: 13    Str: 21    XL:     7   Next: 47%
MP:   7/7           EV: 12    Int: 10    God:
Gold: 97            SH:  0    Dex: 12    Spells: 6/6 levels left

rFire   . . .      SeeInvis +   a - +0 flail
rCold   . . .      Faith    .   (no shield)
rNeg    . . .      Spirit   .   C - +7 leather armour "Xuweulo" {Int+3}
rPois   .          Reflect  .   (helmet unavailable)
rElec   .          Harm     .   B - scarf {repulsion}
rCorr   .          Rampage  .   (no gloves)
Will    .....                   y - +2 pair of boots
Stlth   +.........              (no amulet)
HPRegen 0.15/turn               (no ring)
MPRegen 0.10/turn               (no ring)

@: mesmerised, drained, repel missiles
A: permanent stasis, dig shafts and tunnels, antennae 3, four strong arms
a: Dig, Shaft Self


You were on level 6 of the Dungeon.
You visited 2 branches of the dungeon, and saw 7 of its levels.

You collected 272 gold pieces.
You spent 175 gold pieces at shops.

Inventory:

Hand Weapons
 a - a +0 flail (weapon)
 b - a +0 hunting sling
Missiles
 g - 2 silver boomerangs (quivered)
 q - 36 poisoned darts
 A - 15 sling bullets
Armour
 j - a +0 scale mail
 x - a +0 chain mail
 y - a +2 pair of boots (worn)
 z - a +0 leather armour
 B - a scarf of repulsion (worn)
 C - the +7 leather armour "Xuweulo" (worn) {Int+3}
   (You found it on level 5 of the Dungeon)

   Int:       It affects your intelligence (+3).
Wands
 D - a wand of flame (18)
Scrolls
 e - 3 scrolls of fear
 f - 2 scrolls of enchant weapon
 i - 2 scrolls of amnesia
 l - a scroll of enchant armour
 o - 3 scrolls of silence
 p - 4 scrolls of vulnerability
 s - a scroll of holy word
 u - 2 scrolls of summoning
 v - 3 scrolls of teleportation
 E - a scroll of fog
Potions
 h - 2 potions of magic {unknown}
 k - a potion of curing {unknown}
 m - 4 potions of ambrosia {unknown}
 r - a potion of brilliance {unknown}
 t - a potion of mutation {unknown}
 w - 2 potions of flight {unknown}


   Skills:
 - Level 2.1 Fighting
 * Level 8.1 Maces & Flails
 - Level 2.0 Throwing
 - Level 2.6 Dodging


You had 6 spell levels left.
You didn't know any spells.
Your spell library contained the following spells:

 Spells                   Type           Power      Damage    Failure   Level
 Stone Arrow              Conj/Erth      0%         3d7       78%         3
 Animate Armour           Summ/Erth      0%         N/A       99%         4
 Lehudib's Crystal Spear  Conj/Erth      0%         10d2      100%        8


Dungeon Overview and Level Annotations

Branches:
Dungeon (6/15)             Temple (1/1) D:5

Altars:
Ashenzari
Cheibriados
Dithmenos
Elyvilon
Fedhas
Gozag
Hepliaklqana
Kikubaaqudgha
Makhleb
Nemelex Xobeh
Qazlal
Ru
Sif Muna
Trog
Uskayaw
Vehumet
Wu Jian
Xom
The Shining One
Lugonu

Shops:
D:2 !   D:6 ?*

Portals:
Abyss: D:5

Annotations:
D:6 Maggie


Innate Abilities, Weirdness & Mutations

You cannot be hasted, slowed, berserked, paralysed or teleported.
You can dig through walls and to a lower floor.
You have a pair of large antennae on your head. (SInv)
Your four strong arms can wield two-handed weapons with a shield.


Message History

Maggie points at you and mumbles some strange words.
The bolt of fire hits you!
Unknown command.
Throw: 2 throwing nets
Press: ? - help, Q - select action, (/) - cycle Shift-Dir - straight line, f/p - Maggie
Aim: Maggie, wielding a +0 glaive of flaming and wearing +0 swamp dragon scales (moderately wounded, mesmerising, poisoned, 63% to hit)
You throw a throwing net. The throwing net closely misses Maggie.
Unknown command.
Throw: throwing net
Press: ? - help, Q - select action, (/) - cycle Shift-Dir - straight line, f/p - Maggie
Aim: Maggie, wielding a +0 glaive of flaming and wearing +0 swamp dragon scales (moderately wounded, mesmerising, poisoned, 63% to hit)
You throw a throwing net. The throwing net closely misses Maggie.
Unknown command.
You thump Maggie!
Maggie is heavily wounded.
Maggie casts a spell.
Maggie draws you further into her thrall.
You closely miss Maggie.
Maggie is heavily wounded.
Maggie casts a spell at you. The bolt of fire hits you!
You hit Maggie but do no damage.
Maggie is heavily wounded.
Maggie barely misses you.
You closely miss Maggie.
Maggie is heavily wounded.
Maggie gestures at you while chanting. The bolt of fire hits you!
* * * LOW HITPOINT WARNING * * *
You closely miss Maggie.
Maggie is heavily wounded.
Maggie misses you.
You hit Maggie.
Maggie is heavily wounded.
Maggie looks more healthy.
Maggie misses you.
You hit Maggie.
Maggie is severely wounded.
Maggie says, "Fear not.
I will immortalize you in the tale of my first kill."
Maggie hits you with a +0 glaive of flaming!
You die...

#........#
#........#.....#
#........#.....#
#.......##.....#
####.......##.....#
...#......(.......#
...#......((......#
...#..............#
...###'###.###.@@<#
.....#.###.###....#
.....'.......+....#
.....#.......#....#
.....#.......#....#
.....###############
...................#
...................#
...................#


You could see Maggie (mesmerising).

Vanquished Creatures
  A kobold brigand (D:6)
  A water moccasin skeleton (D:5)
  2 hounds
  An iron imp (D:3)
  A bullfrog skeleton (D:4)
  Ijyb (D:3)
  A centaur skeleton (D:6)
  An iguana (D:6)
  An orc wizard (D:5)
  2 howler monkey zombies (D:5)
  4 adders
  3 gnolls (D:4)
  4 worms
  A dart slug (D:2)
  5 orcs
  5 endoplasms
  3 giant cockroaches
  10 goblins
  9 hobgoblins
  4 jackals (D:4)
  2 quokkas (D:4)
  11 ball pythons
  7 bats
  3 frilled lizards
  11 kobolds
  6 rats
100 creatures vanquished.

Notes
Turn   | Place    | Note
-------+----------+-------------------------------------------
     0 | D:1      | browni3141 the Formicid Gladiator began the quest for the
                  | Orb.
     0 | D:1      | Reached XP level 1. HP: 16/16 MP: 1/1
   428 | D:1      | Reached XP level 2. HP: 22/22 MP: 2/2
   842 | D:1      | Reached skill level 4 in Maces & Flails
   842 | D:1      | Reached XP level 3. HP: 25/27 MP: 3/3
  1339 | D:2      | Found a faded altar of an unknown god.
  1356 | D:2      | Found Ysegud's Distillery.
  1682 | D:2      | Reached XP level 4. HP: 33/33 MP: 4/4
  2072 | D:3      | Noticed Ijyb
  2085 | D:3      | Killed Ijyb
  2086 | D:3      | Reached skill level 5 in Maces & Flails
  2268 | D:3      | Noticed an earth elemental
  2269 | D:3      | Found a stormy altar of Qazlal.
  2272 | D:3      | Noticed a fire elemental
  2273 | D:3      | Noticed an air elemental
  2273 | D:3      | Noticed a water elemental
  2389 | D:3      | You fall into a shaft and drop 3 floors!
  2579 | D:6      | Reached XP level 5. HP: 36/38 MP: 5/5
  2604 | D:5      | Entered Level 5 of the Dungeon
  2622 | D:5      | Reached skill level 6 in Maces & Flails
  2769 | D:5      | Reached XP level 6. HP: 41/44 MP: 6/6
  3443 | D:3      | Found a shimmering altar of Xom.
  3524 | D:3      | Found a snail-covered altar of Cheibriados.
  3533 | D:3      | Reached skill level 7 in Maces & Flails
  4170 | D:5      | Reached XP level 7. HP: 44/50 MP: 7/7
  4446 | D:5      | Found a large runed translucent door.
  4446 | D:5      | Found a large runed translucent door.
  4451 | D:5      | Found a corrupted altar of Lugonu.
  4564 | D:5      | Found a staircase to the Ecumenical Temple.
  4576 | Temple   | Entered the Ecumenical Temple
  4783 | D:5      | Identified the +7 leather armour "Xuweulo" {Int+3}
  5143 | D:5      | Found a one-way gate to the infinite horrors of the Abyss.
  5648 | D:6      | Found Omouluep's Wicked Wares.
  5655 | D:6      | Found Gapurr's Magic Scroll Emporium.
  5874 | D:6      | Bought a scroll of identify for 26 gold pieces
  5874 | D:6      | Bought a scroll of identify for 26 gold pieces
  5874 | D:6      | Bought a scroll of identify for 26 gold pieces
  5874 | D:6      | Bought a scroll of identify for 26 gold pieces
  5874 | D:6      | Bought a scroll of fear for 45 gold pieces
  5874 | D:6      | Bought a scroll of fog for 26 gold pieces
  5906 | D:6      | Reached skill level 8 in Maces & Flails
  5949 | D:6      | Noticed Maggie
  6290 | D:6      | Slain by Maggie

Illustrated notes

Levels and vault maps discovered:
D:1:      dpeg_arrival_tiny_d, layout_basic, lemuel_old_faithful
D:2:      layout_rooms, nicolae_ecumenical_pavilion, serial_shops,
          nicolae_shop_waterfront
D:3:      layout_rooms, slow_altar_2, nicolae_qazlal_style_of_elements,
          lemuel_coloured_pillars_altar, kennysheep_flooded_box,
          minmay_fractal_squares_diagonal_5, uniq_ijyb
D:4:      layout_basic
D:5:      due_chaos_kobolds, layout_basic, minmay_temple_entry_glassed_door
D:6:      layout_gridville, serial_shops, nicolae_shop_stone, nicolae_evil_shop,
          uniq_maggie
Temple:   regret_index_temple_sphere_string

Skill      XL: |  1  2  3  4  5  6  7 |
---------------+----------------------+-----
Maces & Flails | 4 5 6 7 8 |  8.1
Fighting       | |  2.1
Throwing       | |  2.0
Dodging        | |  2.6

Action                   |  1- 3 |  4- 6 |  7- 9 || total
-------------------------+-------+-------+-------++-------
Melee: Flail             |   100 |   185 |    51 ||   336
 Fire: Hunting sling     |       |       |     5 ||     5
Throw: Dart              |       |       |    10 ||    10
       Throwing net      |       |       |     3 ||     3
 Abil: Dig               |       |       |     4 ||     4
  Use: Scroll            |       |       |     9 ||     9
       Potion            |       |       |     1 ||     1
 Stab: Distracted        |       |       |     1 ||     1
Armor: Leather armour    |    14 |       |    23 ||    37
       Scale mail        |    14 |   111 |       ||   125
Dodge: Dodged            |    68 |   119 |    23 ||   210

Table legend: (Time is in decaauts)
 A = Elapsed time spent in this place.
 B = Non-inter-level travel time spent in this place.
 C = Inter-level travel time spent in this place.
 D = Time resting spent in this place.
 E = Time spent auto-exploring this place.
 F = Levels seen in this place.
 G = Mean time per level.
                   A        B        C        D        E       F      G
               +--------+--------+--------+--------+--------+-----+--------+
         Total |   6342 |   5747 |    595 |    781 |   3834 |   7 |  906.0 |
       Dungeon |   6185 |   5609 |    576 |    781 |   3713 |   6 | 1030.8 |
        Temple |    156 |    137 |     19 |      0 |    121 |   1 |  156.0 |
               +--------+--------+--------+--------+--------+-----+--------+

Top non-repeatable levels by time:
     D:1: 1375 daAuts
     D:5: 1342 daAuts
     D:6: 1026 daAuts
     D:4: 928 daAuts
     D:3: 768 daAuts
     D:2: 744 daAuts
  Temple: 156 daAuts
